 Dungeon Crawl Stone Soup version 0.19-GnollCrawlA-1-g03664ee (webtiles) character file.

935 MordorOrchid the Shield-Bearer (level 1, -5/22 HPs)
             Began as a Troll Fighter on Apr 11, 2019.
             Was a Follower of Uskayaw.
             Slain by a gnoll
             ... wielding a +0 halberd
              (13 damage)
             ... on level 7 of the Dungeon.
             The game lasted 00:35:50 (5142 turns).

MordorOrchid the Shield-Bearer (Troll Fighter)      Turns: 5142, Time: 00:35:50

Health: -5/22      AC:  6    Str: 23    XL:     1   Next: 0%
Magic:  0/0        EV:  3    Int:  4    God:    Uskayaw [*.....]
Gold:   345        SH:  8    Dex:  9    Spells: 0 memorised, 0 levels left

rFire  . . .     SeeInvis .     p - +0 trident
rCold  + . .     Gourm    +     b - +0 robe
rNeg   . . .     Faith    .     c - +0 shield
rPois  .         Spirit   .     (helmet restricted)
rElec  .         Dismiss  .     j - +0 cloak
rCorr  .         Reflect  .     (gloves unavailable)
SustAt .         Harm     .     (boots unavailable)
MR     .....                    e - amulet of regeneration
Stlth  +.........               F - ring of flight
                                E - ring of protection from cold

@:
A: unfitting armour, claws 3, fast metabolism 3, gourmand, regeneration 2,
shaggy fur 1, tough skin 2
a: Stomp, Renounce Religion, Evoke Flight


You were on level 7 of the Dungeon.
You worshipped Uskayaw.
Uskayaw was noncommittal.
You were not hungry.

You visited 2 branches of the dungeon, and saw 8 of its levels.
You also visited: Sewer.

You collected 345 gold pieces.

Inventory:

Hand Weapons
 a - a +2 whip of electrocution
 p - a +0 trident (weapon)
 r - a +3 spear
 x - a +4 spear
 I - a +0 flail of protection
Missiles
 g - 2 throwing nets
 h - 149 stones (quivered)
 k - 46 arrows
 q - 7 javelins
 u - 19 sling bullets
 v - 13 poisoned needles
 H - 21 bolts
Armour
 b - a +0 robe (worn)
 c - a +0 shield (worn)
 i - a +0 ice dragon armour
 j - a +0 cloak (worn)
Jewellery
 e - an amulet of regeneration (around neck)
 E - a ring of protection from cold (left claw)
 F - a ring of flight (right claw)
Wands
 z - a wand of flame (18/48)
Scrolls
 d - 2 scrolls of enchant weapon
 l - a scroll of fog
 y - 2 scrolls of remove curse {unknown}
 B - 2 scrolls of magic mapping {unknown}
 C - a scroll of recharging {unknown}
 G - a scroll of random uselessness {unknown}
 J - a scroll of immolation {unknown}
Potions
 m - 3 potions of cancellation
 n - a potion of cure mutation {unknown}
 o - 3 potions of degeneration {unknown}
 s - 3 potions of curing
 t - 3 potions of flight
 w - 2 potions of resistance {unknown}
 A - a potion of heal wounds {unknown}
 D - a potion of brilliance {unknown}
Comestibles
 f - 2 bread rations


   Skills:
 + Level 2.4 Fighting
 + Level 1.5 Polearms
 + Level 2.4 Dodging
 + Level 2.4 Shields


You couldn't memorise any spells.
You didn't know any spells.

Dungeon Overview and Level Annotations

Branches:
Dungeon (7/15)             Temple (1/1) D:1

Altars:
Ashenzari
Dithmenos
Elyvilon
Fedhas
Gozag
Hepliaklqana
Kikubaaqudgha
Makhleb
Nemelex Xobeh
Okawaru
Qazlal
Sif Muna
Trog
Uskayaw
Vehumet
Xom
Yredelemnul
Zin

Annotations:
D:3 2 exclusions


Innate Abilities, Weirdness & Mutations

You are too large for most types of armour.
You have claws for hands.
Your metabolism is lightning-fast.
You like to eat raw meat.
You heal very quickly.
You are covered in fur. (AC +1)
You have very tough skin. (AC +2)


Message History

Aim: a gnoll, wielding a halberd You reach to attack!
You barely miss the gnoll. The gnoll barely misses you.
Attack whom?
Press: ? - help, Dir - move target cursor, f/p - gnoll
Aim: a gnoll, wielding a halberd You reach to attack!
You hit the gnoll.
The gnoll is moderately wounded.
The gnoll hits you from afar with a halberd!
Attack whom?
Press: ? - help, Dir - move target cursor, f/p - gnoll
Aim: a gnoll, wielding a halberd (moderately wounded)
You reach to attack!
You hit the gnoll.
The gnoll is moderately wounded.
The gnoll hits you from afar with a halberd!
* * * LOW HITPOINT WARNING * * *
A gnoll comes into view.
There is a stone staircase leading up here.
The gnoll hits you from afar with a halberd!
Ouch! That really hurt!
You die...

######
#@#..
######g#g#
#.....g#.#
#.##.....#
#.#.###
#.#...#
#.#.#.#
..#$#.#
..#.# #


You could see 2 gnolls.

Vanquished Creatures
  94 gnolls
94 creatures vanquished.

Notes
Turn   | Place    | Note
-------+----------+-------------------------------------------
     0 | D:1      | MordorOrchid the Troll Fighter began the quest for the Orb.
     0 | D:1      | Reached XP level 1. HP: 22/22 MP: 0/0
   134 | D:1      | Found a staircase to the Ecumenical Temple.
   141 | Temple   | Entered the Ecumenical Temple
   187 | Temple   | Became a worshipper of Uskayaw the Reveler
   383 | Temple   | Reached * piety under Uskayaw
   440 | D:1      | Reached ** piety under Uskayaw
  1087 | D:1      | Reached *** piety under Uskayaw
  1371 | D:2      | Found an opulent altar of Gozag.
  1455 | D:2      | Found an iron altar of Okawaru.
  2353 | D:3      | Found a glowing drain.
  2368 | Sewer    | Entered a sewer
  2437 | Sewer    | Found a white marble altar of Elyvilon.
  2812 | D:3      | Found a white marble altar of Elyvilon.
  3605 | D:5      | Entered Level 5 of the Dungeon
  4022 | D:5      | Found a bloodstained altar of Trog.
  4418 | D:6      | Found a shadowy altar of Dithmenos.
  4613 | D:6      | Found a sparkling altar of Nemelex Xobeh.
  4613 | D:6      | Found a glowing silver altar of Zin.
  4614 | D:6      | Found a shattered altar of Ashenzari.
  5142 | D:7      | Slain by a gnoll

Action                   || total
-------------------------++-------
Melee: Whip              ||   240
       Trident           ||   230
Throw: Stone             ||    22
Evoke: Wand              ||     2
  Use: Scroll            ||     6
       Potion            ||     3
 Stab: Paralysed         ||     3
       Sleeping          ||     1
Armor: Robe              ||    51
Dodge: Dodged            ||   123
Block: Shield            ||   165
